AoeStats
← Chigüiro

Nomad

510649653Analyzed
4v4 RM · 1d ago on Oct 2, 2026· 38m 52s· 8 players
Game mode
Random Map
Map size
231×231
Population
200
Speed
Normal
Resources
Standard
Victory
Conquest
Starting age
Dark Age
Ending age
Imperial Age
RankedLock teamsTeams togetherTeam positionsShared explorationLock speedFull tech treeHidden civsTurbo modeCheats
Victory
Defeat
🇨🇱 Inca · Chile
1639
+11
🇸🇻 Wei · El Salvador
1620
+12
🇦🇷 Britons · Argentina
1610
+12
🇦🇷 Jurchens · Argentina
1570
+14
🇵🇪 Italians · Peru
1584
-14
🇨🇴 Byzantines · Colombia
1564
-14
🇲🇽 Cumans · Mexico
1489
-11
🇧🇷 Japanese · Brazil
1472
-10
JR | cristopher7gc
6:34 Loom
12:29 Feudal Age
13:06 Double-Bit Axe
24:28 Castle Age
34:22 Medium Warships
BigBanana
4:03 Loom
13:21 Feudal Age
13:51 Town Watch
13:52 Double-Bit Axe
21:02 Castle Age
19:19 Stone Mining
19:20 Gold Mining
22:22 Wheelbarrow
21:58 Bow Saw
22:32 Medium Warships
22:13 Fletching
24:09 Ballistics
23:46 Bodkin Arrow
23:52 Padded Archer Armor
26:44 Masonry
26:27 Demolition Ship
29:26 Careening
29:26 Clinker Construction
30:54 Horse Collar
32:47 Leather Archer Armor
38:51 Imperial Age
36:38 Hand Cart
36:43 Heavy Plow
Chigüiro
4:53 Loom
15:01 Feudal Age
16:04 Stone Mining
18:06 Forging
18:04 Double-Bit Axe
21:36 Fletching
25:24 Castle Age
25:32 Horse Collar
26:16 Medium Warships
25:37 Pikeman
Karzul
4:52 Loom
13:42 Feudal Age
17:05 Forging
20:38 Castle Age
21:44 Scale Barding Armor
22:19 Iron Casting
21:31 Double-Bit Axe
21:27 Horse Collar
22:39 Gold Mining
23:30 Bloodlines
23:44 Chain Barding Armor
25:50 Bow Saw
25:41 Heavy Plow
31:54 Wheelbarrow
32:04 Scale Mail Armor
33:01 Husbandry
35:58 Hand Cart
AxD | Keiokenkun-Uno-Puro
4:41 Loom
12:38 Feudal Age
14:01 Double-Bit Axe
16:19 Town Watch
19:51 Castle Age
18:58 Fletching
19:01 Gold Mining
20:29 Crossbowman
21:39 Bodkin Arrow
24:32 Demolition Ship
28:46 Wheelbarrow
28:59 Padded Archer Armor
30:35 Ballistics
37:42 Imperial Age
37:01 Leather Archer Armor
36:18 Demolition Ship
38:36 Horse Collar
39:13 Hand Cart
AxD | Kurumi 002
4:56 Loom
12:31 Feudal Age
16:38 Castle Age
16:45 Scale Barding Armor
16:53 Forging
19:03 Iron Casting
26:38 Scale Barding Armor
30:45 Chain Barding Armor
34:20 Double-Bit Axe
38:03 Horse Collar
Cronos
9:02 Loom
12:15 Feudal Age
13:11 Double-Bit Axe
13:58 Horse Collar
25:49 Castle Age
26:39 Padded Archer Armor
26:58 Bow Saw
28:32 Leather Archer Armor
AxD | Cad Bane
5:36 Loom
8:23 Loom
8:27 Loom
11:40 Feudal Age
12:10 Horse Collar
12:17 Double-Bit Axe
21:40 Castle Age
19:31 Fletching
19:45 Gold Mining
20:31 Fishing Lines
22:04 Forging
22:41 Medium Warships
22:28 Bodkin Arrow
23:29 Bow Saw
24:58 Careening
25:04 Gillnets
26:09 Clinker Construction
27:43 Ballistics
28:30 Wheelbarrow
29:16 Horse Collar
31:00 Hand Cart
30:30 Town Watch
34:50 Imperial Age
33:56 Scale Mail Armor
35:39 Chain Mail Armor
35:59 Iron Casting
35:36 Heavy Plow
35:27 Stone Mining
36:56 Heavy Warships
37:01 Dry Dock
37:41 Elite Kamayuk
Connection lost

Rejoining the realm…

Still unreachable

The connection could not be restored.

Session expired

The server has moved on; the page needs a fresh start.